 Dungeon Crawl Stone Soup version 0.25.1-2-g60ff931df9 (webtiles) character file.

Game seed: 7353190888770844609

42 DerDa the Magician (level 3, -1/21 HPs)
             Began as an Octopode Wizard on Sept 26, 2020.
             Slain by a jelly (2 damage)
             ... on level 2 of the Dungeon.
             The game lasted 00:03:23 (1917 turns).

DerDa the Magician (Octopode Wizard)                Turns: 1917, Time: 00:03:24

Health: -1/21      AC: -3    Str:  6    XL:     3   Next: 56%
Magic:  2/8        EV: 13    Int: 21    God:
Gold:   58         SH:  0    Dex: 10    Spells: 8/9 levels left

rFire    . . .     SeeInvis .   o - +0 whip
rCold    . . .     Gourm    .   (no shield)
rNeg     . . .     Faith    .   a - +0 hat
rPois    .         Spirit   .   (no amulet)
rElec    .         Reflect  .   (no ring)
rCorr    .         Harm     .   (no ring)
MR       .....                  (no ring)
Stlth    +++.......             (no ring)
HPRegen  0.07/turn              (no ring)
MPRegen  0.11/turn              (no ring)
                                (no ring)
                                (no ring)

@: corroded
A: almost no armour, stealthy swim, amphibious, 8 rings, constrict 8, camouflage
1, gelatinous body 1
a: no special abilities


You were on level 2 of the Dungeon.
You were not hungry.

You visited 1 branch of the dungeon, and saw 2 of its levels.

You collected 58 gold pieces.

Inventory:

Hand Weapons
 o - a +0 whip (weapon)
Missiles
 b - 48 stones (quivered)
 k - 36 arrows
 l - 19 sling bullets
Armour
 a - a +0 hat (worn)
Scrolls
 f - 2 scrolls of immolation {unknown}
 i - 3 scrolls of remove curse {unknown}
 j - a scroll of blinking {unknown}
Potions
 d - a potion of mutation {unknown}
 e - a potion of heal wounds {unknown}
 h - a potion of flight {unknown}
 m - 2 potions of curing {unknown}
 n - a potion of might {unknown}
Comestibles
 c - a ration


   Skills:
 - Level 2.0 Dodging
 - Level 2.6 Stealth
 * Level 3.6 Spellcasting
 * Level 2.4 Conjurations
   Level 1.0 Summonings
   Level 1.0 Translocations


You had 8 spell levels left.
You knew the following spells:

 Your Spells              Type           Power        Failure   Level  Hunger
a - Magic Dart            Conj           ##..         4%          1    None

Your spell library contained the following spells:

 Spells                   Type           Power        Failure   Level  Hunger
 Blink                    Tloc           N/A          12%         2    ##.....
 Call Imp                 Summ           #.......     12%         2    ##.....
 Slow                     Hex            #.......     19%         2    ##.....
 Conjure Flame            Conj/Fire      #.......     22%         3    ###....
 Mephitic Cloud           Conj/Pois/Air  #.......     26%         3    ###....


Dungeon Overview and Level Annotations

Branches:
Dungeon (2/15)

Altars:


Innate Abilities, Weirdness & Mutations

You cannot wear most types of armour.
You are very stealthy in the water. (Stealth+)
You are amphibious.
You can wear up to eight rings at the same time.
You can use your tentacles to constrict eight enemies at once.
Your skin changes colour to match your surroundings (Stealth+).
Your rubbery body absorbs attacks. (AC +1, EV +1)


Message History

The jelly hits you. The acid corrodes you!
You are splashed with acid!
Casting: Magic Dart (safe; 4% risk of failure)
Confirm with . or Enter, or press ? or * to list all spells.
Aiming: Magic Dart (safe; 4% risk of failure)
Press: ? - help, Shift-Dir - straight line, f/p - jelly
Aim: a jelly (moderately wounded)
The magic dart hits the jelly.
The jelly is moderately wounded.
The jelly jiggles.
The jelly hits you.
You are splashed with acid!
* * * LOW HITPOINT WARNING * * *
Casting: Magic Dart (safe; 4% risk of failure)
Confirm with . or Enter, or press ? or * to list all spells.
Aiming: Magic Dart (safe; 4% risk of failure)
Press: ? - help, Shift-Dir - straight line, f/p - jelly
Aim: a jelly (moderately wounded)
The magic dart hits the jelly.
The jelly is heavily wounded.
The jelly hits you.
You die...

##..รท..#.###.##.#...##.#....#
#.............#.#.####.####.#
##.....#<####..........# #.#
##...##.# #####.###.## #.#
##.###.# ##.###.#####.# #.#
#.# ##.........##.# #.# #.#
##.....####.##.# #.# #.#
###.......# ##.# ... #.#
#.@J......# ..# ## #.#
#.#.......# ...##.=?..## ####
##.......# ##.###.## #.# ##
... .... ##..


You could see a jelly.

Vanquished Creatures
  An adder (D:2)
  An ooze (D:1)
  2 dart slugs
  A giant cockroach (D:1)
  A goblin (D:1)
  A hobgoblin (D:1)
  3 jackals (D:1)
  9 kobolds
  2 bats
  3 frilled lizards
  A rat (D:1)
25 creatures vanquished.

Vanquished Creatures (others)
  3 fungi (D:2)
  8 toadstools (D:2)
11 creatures vanquished.

Grand Total: 36 creatures vanquished

Notes
Turn   | Place    | Note
-------+----------+-------------------------------------------
     0 | D:1      | DerDa the Octopode Wizard began the quest for the Orb.
     0 | D:1      | Reached XP level 1. HP: 11/11 MP: 4/4
   346 | D:1      | Reached XP level 2. HP: 17/17 MP: 0/6
  1352 | D:2      | Reached XP level 3. HP: 21/21 MP: 5/7
  1916 | D:2      | HP: 1/21 [acid (8)]
  1917 | D:2      | Slain by a jelly

Illustrated notes

Levels and vault maps discovered:
D:1:      psy_arrival_statuary, layout_loops_ring, columned_hall_lemuel,
          solitary_fountain
D:2:      cheibrodos_fertilizer, layout_loops_ring, dk_noncrumbling_4

Skill      XL: |  1  2 |
---------------+-------+-----
Conjurations   | 2 |  2.4
Dodging        | |  2.0
Stealth        | |  2.6
Spellcasting   | |  3.6
Summonings     | |  1.0
Translocations | |  1.0

Action                   || total
-------------------------++-------
Melee: Unarmed           ||     8
       Club              ||    14
       Constrict         ||     6
       Tentacles         ||     2
       Whip              ||     4
 Cast: Magic Dart        ||    72
  Eat: Ration            ||     1
Armor: Skin              ||     3
Dodge: Dodged            ||    35
